 Dungeon Crawl Stone Soup version 0.14-a0-1403-g5d3c58f (webtiles) character file.

170 4tharraofdagon the Skirmisher (level 5, 0/47 HPs)
             Began as a Centaur Wanderer on Dec 10, 2013.
             Was a Follower of Makhleb.
             Slain by a worker ant (6 damage)
             ... on Level 4 of the Dungeon.
             The game lasted 00:04:31 (788 turns).

4tharraofdagon the Skirmisher (Centaur Wanderer)     Turns: 788, Time: 00:04:31

HP   0/47        AC  6     Str 18      XL: 5   Next:  1%
MP   4/4         EV  8     Int 11      God: Makhleb [*.....]
Gold 32          SH  0     Dex  6      Spells:  0 memorised,  4 levels left

rFire  . . .     SeeInvis .     m - +0,+1 dwarf battleaxe
rCold  . . .     Clarity  .     p - +0 ring mail
rNeg   . . .     Conserve .     (no shield)
rPois  .         rCorr    .     (no helmet)
rElec  .         rRot     .     (no cloak)
SustAb + .       Spirit   .     (no gloves)
rMut   .         Warding  .     (no barding)
Saprov . . .     Stasis   .     j - amulet of faith
                                (no ring)
                                o - ring of sustain abilities {unknown}

@: mildly poisoned, very quick, slightly resistant to hostile enchantments,
extremely unstealthy
A: hooves 3, deformed body, herbivore 1, speed 2, fast metabolism 1, tough skin
3
a: Renounce Religion


You were on level 4 of the Dungeon.
You worshipped Makhleb.
Makhleb was aware of your devotion.
You were not hungry.

You visited 1 branch of the dungeon, and saw 5 of its levels.

You collected 32 gold pieces.

Inventory:

Hand weapons
 b - a +0,+0 bow
 i - a +0,+1 orcish mace
 m - a +0,+1 dwarven battleaxe (weapon)
Missiles
 c - 10 arrows
 k - 7 arrows of flame
 l - 15 poisoned needles
 v - 6 poisoned darts (quivered)
Armour
 a - a +0 scale mail
 f - a +0 cloak
 p - a +0 ring mail (worn)
Magical devices
 s - a wand of flame (13) {unknown}
Comestibles
 d - 3 bread rations
 w - a royal jelly
Scrolls
 e - 2 scrolls of identify
 g - a scroll of curse weapon {unknown}
 q - 3 scrolls of remove curse {unknown}
 t - a scroll of fog {unknown}
 u - a scroll of amnesia {unknown}
Jewellery
 j - an amulet of faith (around neck)
 o - a ring of sustain abilities (left hand) {unknown}
Potions
 h - a potion of curing
 r - a potion of poison
Books
 n - a book of Necromancy

   Spells                             Type                      Level
   Pain                               Necromancy                   1
   Animate Skeleton                   Necromancy                   1
   Lethal Infusion                    Charms/Necromancy            2
   Vampiric Draining                  Necromancy                   3
   Regeneration                       Charms/Necromancy            3
   Animate Dead                       Necromancy                   4
   Control Undead                     Necromancy                   4


   Skills:
 + Level 4.8 Fighting
 * Level 2.8 Axes
 - Level 0.1 Maces & Flails
 - Level 1.3 Bows
 + Level 2.7 Armour
   Level 1.0 Invocations
 - Level 1.0 Evocations


You had 4 spell levels left.
You didn't know any spells.

Dungeon Overview and Level Annotations

Branches:
Dungeon (5/16)
 Temple: D:4-7

Altars:
Kikubaaqudgha
Makhleb
Nemelex Xobeh
Vehumet

Shops:
D:4 %

Annotations:
D:2 Sigmund, Terence


Innate Abilities, Weirdness & Mutations

You have hooves in place of feet.
Armour fits poorly on your strangely shaped body.
You digest meat inefficiently.
You cover ground very quickly.
You have a fast metabolism.
You have extremely tough skin (AC +3).


Message History

You barely miss the hound skeleton. The hound skeleton bites you.
The hound skeleton bites you.
You barely miss the hound skeleton. You kick the hound skeleton!
The hound skeleton bites you. The hound skeleton barely misses you.
You barely miss the hound skeleton. You kick the hound skeleton.
The hound skeleton barely misses you. The worker ant bites you.
You are poisoned.
The worker ant poisons you!
The hound skeleton bites you but does no damage.
You barely miss the hound skeleton. The worker ant bites you.
* * * LOW HITPOINT WARNING * * *
The hound skeleton completely misses you.
The worker ant bites you.
* * * LOW HITPOINT WARNING * * *
The hound skeleton completely misses you.
You hit the hound skeleton.
The worker ant bites you but does no damage.
The hound skeleton bites you but does no damage.
The worker ant bites you.
You die...

..#######.##
#.# #.# #.#
#.# #.# #.#
#a# # #@#
#.. #z# #.#
#.# #.# #.#
#.# ... #.#
# ... #.#
##.# ...
#.##...#.##
##.##
#..........
...


You could see a worker ant and a hound skeleton.

Vanquished Creatures
  3 hounds
  Jessica (D:3)
  An adder (D:4)
  A giant gecko (D:4)
  2 hobgoblins
  A quokka (D:2)
  4 bats
  3 giant cockroaches
  A giant newt (D:2)
  A goblin (D:3)
  4 jackals (D:3)
  3 kobolds
  A rat (D:3)
26 creatures vanquished.

Notes
Turn   | Place    | Note
--------------------------------------------------------------
     0 | D:1      | 4tharraofdagon, the Centaur Wanderer, began the quest for the Orb.
     0 | D:1      | Reached XP level 1. HP: 20/20 MP: 1/1
   110 | D:2      | Noticed Sigmund
   136 | D:2      | hurdos: Hi
   166 | D:2      | hurdos: nice rat
   172 | D:2      | Noticed Terence
   192 | D:2      | Found an ancient bone altar of Kikubaaqudgha.
   323 | D:2      | Found a burning altar of Makhleb.
   323 | D:2      | Found a radiant altar of Vehumet.
   333 | D:2      | Became a worshipper of Makhleb the Destroyer
   458 | D:3      | Reached XP level 2. HP: 9/27 MP: 2/2
   564 | D:3      | Reached skill level 1 in Axes
   582 | D:3      | Noticed Jessica
   584 | D:3      | Killed Jessica
   584 | D:3      | Reached XP level 3. HP: 23/34 MP: 3/3
   623 | D:4      | Reached XP level 4. HP: 13/41 MP: 3/3
   633 | D:4      | Found a sparkling altar of Nemelex Xobeh.
   720 | D:4      | Acquired Makhleb's first power
   756 | D:5      | Entered Level 5 of the Dungeon
   760 | D:5      | Reached XP level 5. HP: 19/47 MP: 4/4
   773 | D:4      | Found Cleaxadesu's Food Emporium.
   788 | D:4      | Slain by a worker ant

Action                   |  1- 3 |  4- 6 || total
-------------------------+-------+-------++-------
Melee: Unarmed           |     9 |       ||     9
       Mace              |     8 |       ||     8
       Battleaxe         |    32 |    30 ||    62
 Fire: Bow               |    26 |       ||    26
Throw: Dart              |       |     2 ||     2
  Use: Scroll            |     2 |     1 ||     3
       Potion            |     2 |     1 ||     3
